SL
FT. WORTH CATTLEMEN @ CHICAGO GOLD SOX
08/19/2028
 
TOP OF THE 1ST
Ft. Worth Cattlemen batting - Pitching for Chicago Gold Sox : RHP Woody Carlson
Pitching: RHP Woody Carlson
Batting: LHB Chris Etheridge 0-0: Ball
1-0: Foul Ball, location: 2F
1-1: Ball
2-1: Foul Ball, location: 2F
2-2: Foul Ball, location: 2F
2-2: Strikes out looking
Batting: LHB Nobuo Yamashita 0-0: Ball
1-0: Called Strike
1-1: Fly out, F8 (Flyball, 8LM)
Batting: RHB Tim Burney 0-0: Fly out, F9 (Flyball, 9LS)
Top of the 1st over - 0 run(s), 0 hit(s), 0 error(s), 0 left on base; Ft. Worth 0 - Chicago 0
BOTTOM OF THE 1ST
Chicago Gold Sox batting - Pitching for Ft. Worth Cattlemen : RHP Juan Díaz
Pitching: RHP Juan Díaz
Batting: LHB Noel Ballard 0-0: Called Strike
0-1: Foul Ball, location: 2F
0-2: Ball
1-2: Ball
2-2: Ball
3-2: Fly out, F6 (Line Drive, 6)
Batting: LHB Melvin Castro 0-0: Ball
1-0: Ball
2-0: Foul Ball, location: 2F
2-1: Ball
3-1: Base on Balls
Batting: RHB Matt Love 0-0: Ball
1-0: Ball
2-0: Foul Ball, location: 2F
2-1: SINGLE (Line Drive, 9S)
Melvin Castro to second
Batting: LHB Dewitt Hopper 0-0: Called Strike
0-1: Ball
1-1: Swinging Strike
1-2: Ball
2-2: Foul Ball, location: 2F
2-2: 3-RUN HOME RUN (Line Drive, 9D), Distance : 373 ft
Batting: LHB Eddie Flynn 0-0: Foul Ball, location: 2F
0-1: Ball
1-1: Foul Ball, location: 2F
1-2: Ball
2-2: Ball
3-2: Foul Ball, location: 2F
3-2: Strikes out swinging
Batting: LHB Ricardo Collazo 0-0: Called Strike
0-1: Ball
1-1: Foul Ball, location: 2F
1-2: SINGLE (Line Drive, 56D)
Batting: LHB Stanley Belote 0-0: SINGLE (Groundball, 4D)
Ricardo Collazo to second
Runner from 2nd tries for 3rd, SAFE, throw made to third
Stanley Belote to second
Batting: LHB Roberto Veliz 0-0: Ball
Wild Pitch!
Ricardo Collazo scores
Stanley Belote to third
1-0: 2-RUN HOME RUN (Flyball, 7D), Distance : 386 ft
Batting: SHB Lupo Cotto 0-0: Called Strike
0-1: Ball
1-1: Foul Ball, location: 2F
1-2: SINGLE (Flyball, 89S)
Batting: LHB Noel Ballard 0-0: Ball
1-0: Ball
2-0: Called Strike
2-1: Ball
3-1: Foul Ball, location: 2F
3-2: Base on Balls
Lupo Cotto to second
Pitching: RHP Enrique Cortéz
Batting: LHB Melvin Castro 0-0: Swinging Strike
0-1: Ball
1-1: Foul Ball, location: 2F
1-2: Foul Ball, location: 2F
1-2: Ball
2-2: Ball
3-2: Base on Balls
Lupo Cotto to third
Noel Ballard to second
Batting: RHB Matt Love 0-0: Ball
1-0: Foul Ball, location: 2F
1-1: Ball
2-1: Ground out 6-3 (Groundball, 56)
Bottom of the 1st over - 6 run(s), 6 hit(s), 0 error(s), 3 left on base; Ft. Worth 0 - Chicago 6
TOP OF THE 2ND
Ft. Worth Cattlemen batting - Pitching for Chicago Gold Sox : RHP Woody Carlson
Batting: LHB Jesús Morales 0-0: Ball
1-0: SINGLE (Line Drive, 4MD)
Batting: SHB Marcos Roa 0-0: Called Strike
0-1: Ball
1-1: Called Strike
1-2: Strikes out swinging
Batting: RHB Lloyd Alberink 0-0: Ball
Jesús Morales steals 2nd base
1-0: Ball
2-0: Ball
3-0: Called Strike
3-1: Ground out 4-3 (Groundball, 4)
Jesús Morales to third
Batting: LHB Ryan Westlake 0-0: 2-RUN HOME RUN (Flyball, 89XD), Distance : 403 ft
Batting: RHB Gilberto Juárez 0-0: Called Strike
0-1: Called Strike
0-2: Ball
1-2: Ball
2-2: Strikes out swinging
Top of the 2nd over - 2 run(s), 2 hit(s), 0 error(s), 0 left on base; Ft. Worth 2 - Chicago 6
BOTTOM OF THE 2ND
Chicago Gold Sox batting - Pitching for Ft. Worth Cattlemen : RHP Enrique Cortéz
Batting: LHB Dewitt Hopper 0-0: Called Strike
0-1: Fly out, F9 (Line Drive, 9)
Batting: LHB Eddie Flynn 0-0: Ball
1-0: Ball
2-0: Ball
3-0: Swinging Strike
3-1: Foul Ball, location: 2F
3-2: Strikes out swinging
Batting: LHB Ricardo Collazo 0-0: Foul Ball, location: 2F
0-1: Ball
1-1: Ball
2-1: Ball
3-1: Swinging Strike
3-2: Foul Ball, location: 2F
3-2: Base on Balls
Batting: LHB Stanley Belote 0-0: Ball
1-0: Ball
Ricardo Collazo steals 2nd base
2-0: Called Strike
2-1: Swinging Strike
2-2: Fly out, F8 (Flyball, 8LM)
Bottom of the 2nd over - 0 run(s), 0 hit(s), 0 error(s), 1 left on base; Ft. Worth 2 - Chicago 6
TOP OF THE 3RD
Ft. Worth Cattlemen batting - Pitching for Chicago Gold Sox : RHP Woody Carlson
Batting: RHB Orlando Montoya 0-0: Fly out, F9 (Flyball, 89S)
Batting: LHB Chris Etheridge 0-0: Ball
1-0: Fly out, F4 (Line Drive, 4M)
Batting: LHB Nobuo Yamashita 0-0: DOUBLE (Groundball, 3L)
Batting: RHB Tim Burney 0-0: Ball
1-0: SINGLE (Flyball, 6MD)
Nobuo Yamashita to third
Runner from 3rd tries for Home, SAFE, no throw
Batting: LHB Jesús Morales 0-0: Ground out 6-3 (Groundball, 6MD)
Top of the 3rd over - 1 run(s), 2 hit(s), 0 error(s), 1 left on base; Ft. Worth 3 - Chicago 6
BOTTOM OF THE 3RD
Chicago Gold Sox batting - Pitching for Ft. Worth Cattlemen : RHP Enrique Cortéz
Batting: LHB Roberto Veliz 0-0: Foul Ball, location: 2F
0-1: Ball
1-1: Foul Ball, location: 2F
1-2: Ball
2-2: Ball
3-2: Foul Ball, location: 2F
3-2: Foul Ball, location: 2F
3-2: Ground out 5-3 (Groundball, 56)
Pitching: RHP Roberto Cavazos
Batting: SHB Lupo Cotto 0-0: Called Strike
0-1: Swinging Strike
0-2: Ball
1-2: Ball
2-2: Ball
3-2: SINGLE (Groundball, 4MD)
Batting: LHB Noel Ballard 0-0: Foul Ball, location: 2F
0-1: Fly out, F9 (Line Drive, 9)
Batting: LHB Melvin Castro 0-0: Ball
1-0: Ground out 3-1 (Groundball, 34S)
Bottom of the 3rd over - 0 run(s), 1 hit(s), 0 error(s), 1 left on base; Ft. Worth 3 - Chicago 6
TOP OF THE 4TH
Ft. Worth Cattlemen batting - Pitching for Chicago Gold Sox : RHP Woody Carlson
Batting: SHB Marcos Roa 0-0: Foul Ball, location: 2F
0-1: Foul Ball, location: 2F
0-2: SINGLE (Groundball, 6MD)
Batting: RHB Lloyd Alberink 0-0: Foul Ball, location: 2F
0-1: Ball
1-1: Called Strike
1-2: Foul Ball, location: 2F
1-2: Foul Ball, location: 2F
1-2: Foul Ball, location: 2F
1-2: SINGLE (Groundball, 34D)
Marcos Roa to second
Runner from 2nd tries for 3rd, SAFE, throw made to third
Batting: LHB Ryan Westlake 0-0: Called Strike
0-1: Foul Ball, location: 2F
0-2: SINGLE (Flyball, 89S)
Marcos Roa scores
Lloyd Alberink to second
Runner from 2nd tries for 3rd, SAFE, throw made to third
Ryan Westlake to second
Batting: RHB Gilberto Juárez 0-0: Called Strike
0-1: Called Strike
0-2: Foul Ball, location: 2F
0-2: Ball
1-2: Strikes out looking
Batting: RHB Orlando Montoya 0-0: Fly out, F6 (Line Drive, 6)
Batting: LHB Chris Etheridge 0-0: Fly out, F9 (Line Drive, 9D)
Top of the 4th over - 1 run(s), 3 hit(s), 0 error(s), 2 left on base; Ft. Worth 4 - Chicago 6
BOTTOM OF THE 4TH
Chicago Gold Sox batting - Pitching for Ft. Worth Cattlemen : RHP Roberto Cavazos
Batting: RHB Matt Love 0-0: Swinging Strike
0-1: SINGLE (Groundball, 56D)
Batting: LHB Dewitt Hopper 0-0: Ball
1-0: Ball
2-0: Ball
3-0: Base on Balls
Matt Love to second
Batting: LHB Eddie Flynn 0-0: Ball
1-0: Called Strike
1-1: Ball
2-1: Foul Ball, location: 2F
2-2: Fly out, F5 (Popup, 5S)
Batting: LHB Ricardo Collazo 0-0: Foul Ball, location: 2F
0-1: Ball
1-1: Grounds into double play, 4-6-3 (Groundball, 4M)
Bottom of the 4th over - 0 run(s), 1 hit(s), 0 error(s), 1 left on base; Ft. Worth 4 - Chicago 6
TOP OF THE 5TH
Ft. Worth Cattlemen batting - Pitching for Chicago Gold Sox : RHP Woody Carlson
Batting: LHB Nobuo Yamashita 0-0: SINGLE (Groundball, 34S) (infield hit)
Batting: RHB Tim Burney 0-0: Fly out, F9 (Flyball, 9D)
Batting: LHB Jesús Morales 0-0: Ball
Nobuo Yamashita is caught stealing 2nd base
1-0: Foul Ball, location: 2F
1-1: Ball
2-1: Ground out 4-3 (Groundball, 4)
Top of the 5th over - 0 run(s), 1 hit(s), 0 error(s), 0 left on base; Ft. Worth 4 - Chicago 6
BOTTOM OF THE 5TH
Chicago Gold Sox batting - Pitching for Ft. Worth Cattlemen : RHP Roberto Cavazos
Batting: LHB Stanley Belote 0-0: Ball
1-0: Foul Ball, location: 2F
1-1: Ball
2-1: DOUBLE (Groundball, 3L)
Batting: LHB Roberto Veliz 0-0: SINGLE (Line Drive, 8RS)
Stanley Belote to third
Runner from 3rd tries for Home, SAFE, no throw
Batting: SHB Lupo Cotto 0-0: Ball
1-0: Swinging Strike
1-1: Swinging Strike
1-2: Ball
2-2: Ball
3-2: SINGLE (Groundball, 4MD)
Roberto Veliz to second
Runner from 2nd tries for 3rd, SAFE, no throw
Batting: LHB Noel Ballard 0-0: Ball
1-0: Foul Ball, location: 2F
1-1: Ball
2-1: Ball
3-1: Swinging Strike
3-2: Base on Balls
Lupo Cotto to second
Batting: LHB Melvin Castro 0-0: Ball
1-0: Fielders Choice at 2nd, 4-6 (Groundball, 4M)
Roberto Veliz scores
Lupo Cotto to third
Batting: RHB Matt Love 0-0: Called Strike
0-1: Fly out, F7 (Line Drive, 7)
Runner from 3rd tags up, SCORES, no throw
Pitching: LHP Bartolomeu Lio
Batting: LHB Dewitt Hopper 0-0: Swinging Strike
0-1: Ball
1-1: Fielders Choice at 2nd, 4-6 (Groundball, 4)
Bottom of the 5th over - 3 run(s), 3 hit(s), 0 error(s), 0 left on base; Ft. Worth 4 - Chicago 9
TOP OF THE 6TH
Ft. Worth Cattlemen batting - Pitching for Chicago Gold Sox : RHP Woody Carlson
Batting: SHB Marcos Roa 0-0: Called Strike
0-1: Ball
1-1: Ball
2-1: Ball
3-1: Base on Balls
Batting: RHB Lloyd Alberink 0-0: Ball
1-0: Ground out 5-3 (Groundball, 56S)
Marcos Roa to second
Batting: LHB Ryan Westlake 0-0: Ball
1-0: Ball
2-0: 2-RUN HOME RUN (Flyball, 89XD), Distance : 414 ft
Pitching: RHP Decheng Sun
Batting: RHB Gilberto Juárez 0-0: Ground out 6-3 (Groundball, 6)
Batting: RHB Orlando Montoya 0-0: Ball
1-0: Ball
2-0: Called Strike
2-1: Ball
3-1: Ground out 5-3 (Groundball, 56S)
Top of the 6th over - 2 run(s), 1 hit(s), 0 error(s), 0 left on base; Ft. Worth 6 - Chicago 9
BOTTOM OF THE 6TH
Chicago Gold Sox batting - Pitching for Ft. Worth Cattlemen : LHP Bartolomeu Lio
Batting: LHB Eddie Flynn 0-0: Swinging Strike
0-1: Ball
1-1: Foul Ball, location: 2F
1-2: Foul Ball, location: 2F
1-2: Ball
2-2: SINGLE (Line Drive, 9S)
Batting: LHB Ricardo Collazo 0-0: Ball
1-0: Foul Ball, location: 2F
1-1: Ball
2-1: Called Strike
2-2: Strikes out swinging
Batting: LHB Stanley Belote 0-0: Ball
1-0: Called Strike
1-1: Foul Ball, location: 2F
1-2: Ball
2-2: Foul Ball, location: 2F
2-2: Ball
3-2: Strikes out swinging
Batting: LHB Roberto Veliz 0-0: Called Strike
0-1: Swinging Strike
0-2: Ball
1-2: Ball
2-2: Foul Ball, location: 2F
2-2: Ground out 4-3 (Groundball, 4S)
Bottom of the 6th over - 0 run(s), 1 hit(s), 0 error(s), 1 left on base; Ft. Worth 6 - Chicago 9
TOP OF THE 7TH
Ft. Worth Cattlemen batting - Pitching for Chicago Gold Sox : RHP Decheng Sun
Batting: LHB Chris Etheridge 0-0: Ball
1-0: Swinging Strike
1-1: Ball
2-1: Ball
3-1: Foul Ball, location: 2F
3-2: Foul Ball, location: 2F
3-2: Foul Ball, location: 2F
3-2: Ground out 3-1 (Groundball, 34)
Batting: LHB Nobuo Yamashita 0-0: Ball
1-0: Called Strike
1-1: Foul Ball, location: 2F
1-2: Ball
2-2: SINGLE (Line Drive, 34D)
Pitching: RHP Mario Gonzáles
Batting: RHB Tim Burney 0-0: Called Strike
Nobuo Yamashita steals 2nd base
0-1: Ground out 5-3 (Groundball, 56)
Batting: LHB Jesús Morales 0-0: Called Strike
0-1: Called Strike
0-2: Ball
1-2: Strikes out looking
Top of the 7th over - 0 run(s), 1 hit(s), 0 error(s), 1 left on base; Ft. Worth 6 - Chicago 9
BOTTOM OF THE 7TH
Chicago Gold Sox batting - Pitching for Ft. Worth Cattlemen : LHP Bartolomeu Lio
Pitching: RHP Darren Garland
Batting: SHB Lupo Cotto 0-0: Ball
1-0: Called Strike
1-1: SINGLE (Groundball, 3L) (infield hit)
Batting: LHB Noel Ballard 0-0: Ball
1-0: Ball
2-0: Ball
3-0: Base on Balls
Lupo Cotto to second
Batting: LHB Melvin Castro 0-0: Ball
1-0: 3-RUN HOME RUN (Flyball, 9LD), Distance : 362 ft
Batting: RHB Matt Love 0-0: Ball
1-0: Ball
2-0: Ball
3-0: Base on Balls
Batting: LHB Dewitt Hopper 0-0: Called Strike
0-1: Ball
1-1: Ball
2-1: Ball
3-1: Base on Balls
Matt Love to second
Batting: LHB Eddie Flynn 0-0: Ball
1-0: Foul Ball, location: 2F
1-1: Ball
2-1: Ball
3-1: Ground out U3 (Groundball, 34S)
Matt Love to third
Dewitt Hopper to second
Batting: LHB Ricardo Collazo 0-0: Ball
1-0: Called Strike
1-1: Ground out 5-3 (Groundball, 56)
Matt Love scores
Pitching: RHP Jesús Rivera
Batting: LHB Stanley Belote 0-0: Ball
1-0: Ball
2-0: Ball
3-0: Called Strike
3-1: Swinging Strike
3-2: Base on Balls
Batting: LHB Roberto Veliz 0-0: Foul Ball, location: 2F
0-1: Called Strike
0-2: Strikes out swinging
Bottom of the 7th over - 4 run(s), 2 hit(s), 0 error(s), 2 left on base; Ft. Worth 6 - Chicago 13
TOP OF THE 8TH
Ft. Worth Cattlemen batting - Pitching for Chicago Gold Sox : RHP Mario Gonzáles
Now at C: Manuel Guillama
Batting: SHB Marcos Roa 0-0: Ball
1-0: Ground out 6-3 (Groundball, 6M)
Batting: RHB Lloyd Alberink 0-0: Ground out 4-3 (Groundball, 4S)
Batting: LHB Ryan Westlake 0-0: Ball
1-0: Called Strike
1-1: Foul Ball, location: 2F
1-2: Fly out, F7 (Flyball, 7LSF)
Top of the 8th over - 0 run(s), 0 hit(s), 0 error(s), 0 left on base; Ft. Worth 6 - Chicago 13
BOTTOM OF THE 8TH
Chicago Gold Sox batting - Pitching for Ft. Worth Cattlemen : RHP Jesús Rivera
Batting: SHB Lupo Cotto 0-0: Foul Ball, location: 2F
0-1: Ball
1-1: Ball
2-1: Ball
3-1: Base on Balls
Batting: LHB Noel Ballard 0-0: Called Strike
0-1: Fielders Choice at 2nd, 6-4 (Groundball, 6M)
Batting: LHB Melvin Castro 0-0: Ball
1-0: Called Strike
1-1: Foul Ball, location: 2F
1-2: Ball
2-2: Foul Ball, location: 2F
2-2: Fly out, F8 (Line Drive, 8RM)
Batting: RHB Matt Love 0-0: Called Strike
0-1: Ball
1-1: Ball
2-1: Ball
3-1: Base on Balls
Noel Ballard to second
Batting: LHB Dewitt Hopper 0-0: Foul Ball, location: 2F
0-1: Called Strike
0-2: SINGLE (Line Drive, 9S)
Noel Ballard to third
Matt Love to second
Runner from 3rd tries for Home, SAFE, no throw
Batting: RHB Manuel Guillama 0-0: Ball
1-0: Called Strike
1-1: Foul Ball, location: 2F
1-2: Strikes out looking
Bottom of the 8th over - 1 run(s), 1 hit(s), 0 error(s), 2 left on base; Ft. Worth 6 - Chicago 14
TOP OF THE 9TH
Ft. Worth Cattlemen batting - Pitching for Chicago Gold Sox : RHP Mario Gonzáles
Batting: RHB Gilberto Juárez 0-0: Called Strike
0-1: Fly out, F9 (Flyball, 9S)
Batting: RHB Orlando Montoya 0-0: Swinging Strike
0-1: Foul Ball, location: 2F
0-2: Ball
1-2: Ground out 3-1 (Groundball, 34)
Batting: LHB Chris Etheridge 0-0: Ball
1-0: SINGLE (Groundball, 4MD)
Batting: LHB Nobuo Yamashita 0-0: Called Strike
0-1: Ball
1-1: Ball
2-1: Ball
3-1: Base on Balls
Chris Etheridge to second
Batting: RHB Tim Burney 0-0: Swinging Strike
0-1: Fly out, F5 (Line Drive, 5S)
Top of the 9th over - 0 run(s), 1 hit(s), 0 error(s), 2 left on base; Ft. Worth 6 - Chicago 14
Monday, August 28th, 2017 - OOTP Baseball 17.12 Build 75